 Dungeon Sprint DCSS version 0.24-a0-278-gefa197325e (webtiles) character file.

Game seed: 12141310686976749209

10400000 Hercules1031 the Conqueror (level 27, -34/247 (249) HPs)
             Began as a Formicid Fighter on Apr 30, 2019.
             Was the Champion of Makhleb.
             Killed by the air
             ... invoked by a tyrant
              (39 damage)
             ... in the Dungeon (Sprint VIII: "Arena of Blood").
             The game lasted 00:07:42 (104 turns).

Hercules1031 the Conqueror (Formicid Fighter)        Turns: 104, Time: 00:07:43

HP:   -34/247 (249) AC: 13    Str: 34    XL:     27
MP:   41/54         EV: 26    Int: 11    God:    Makhleb [******]
Gold: 0             SH: 20    Dex: 12    Spells: 80/80 levels left

rFire    . . .     SeeInvis +   l - +∞ Axe of Woe
rCold    . . .     Gourm    .   c - +0 shield
rNeg     . . .     Faith    .   b - +0 scale mail
rPois    .         Spirit   .   (helmet unavailable)
rElec    .         Reflect  .   (no cloak)
rCorr    .         Harm     .   (no gloves)
MR       ++...                  (no boots)
Stlth    ++++++++..             (no amulet)
HPRegen  0.51/turn              n - +30 ring of slaying
MPRegen  0.34/turn              m - +30 ring of slaying

@: mighty
A: permanent stasis, dig shafts and tunnels, four strong arms, antennae 3
a: Dig, Minor Destruction, Lesser Servant of Makhleb, Major Destruction, Greater
Servant of Makhleb, Renounce Religion


You were in the Dungeon.
You worshipped Makhleb.
Makhleb was exalted by your worship.
You were not hungry.

You visited 1 branch

Inventory:

Hand Weapons
 a - a +0 war axe
 l - the +∞ Axe of Woe (weapon)
   (You found it in the Dungeon)
Armour
 b - a +0 scale mail (worn)
 c - a +0 shield (worn)
Jewellery
 m - a +30 ring of slaying (right hand)
 n - a +30 ring of slaying (left hand)
Scrolls
 k - a scroll of blinking
Potions
 e - a potion of curing
 g - a potion of heal wounds
 h - a potion of haste
 i - 2 potions of magic
 j - a potion of berserk rage
Comestibles
 f - a ration


   Skills:
 O Level 27 Fighting
 O Level 27 Axes
 O Level 27 Throwing
 O Level 27 Armour
 O Level 27 Dodging
 O Level 27 Stealth
 O Level 27 Shields
 O Level 27 Unarmed Combat
 O Level 27 Spellcasting
 O Level 27 Invocations


You had 80 spell levels left.
You didn't know any spells.
Your spell library was empty.

Dungeon Overview and Level Annotations

Branches:
Dungeon (1/1)

Altars:
Makhleb


Innate Abilities, Weirdness & Mutations

You cannot be hasted, slowed, berserked, paralysed or teleported.
You can dig through walls and to a lower floor.
Your four strong arms can wield two-handed weapons with a shield.
You have a pair of large antennae on your head. (SInv)


Message History

You block the eight-headed meat hydra's attack.
The eight-headed meat hydra bites you!
* * * LOW HITPOINT WARNING * * *
The eight-headed meat hydra closely misses you.
You block the eight-headed meat hydra's attack.
The eight-headed meat hydra completely misses you.
You block the eight-headed meat hydra's attack.
The eight-headed meat hydra calls on the powers of darkness!
The eight-headed meat hydra convulses!
The scourge convulses!
The scourge hisses angrily.
The large bag of meat convulses!
The bag of meat convulses! x4
The observer convulses!
The meat berserker convulses!
The large bag of meat convulses!
The observer convulses!
The bag of meat convulses! x4; Your body is wracked with pain!
* * * LOW HITPOINT WARNING * * *
The bag of meat convulses! x3; The eight-headed meat hydra convulses!
You hear a shout!
The tyrant waves its bony arms in wide circles.
The air twists around and strikes you!
You die...

.###.. .D..###........
......###.%.V.........
......_................
#.....#.......#.#...o.
#_.<._#..........o....
..#...))#)))%..#.#W#.o..
....%._%)%%))))G...L..o o
.....%###)))))MMDV#o#o#o.#
.###....)))###V.@)Woooo.#o
#.......#....GOOGoL...# {
#..%....#.....X§Xo..o#.
...%............§XXXXX..
......{......#...#LOXX..
......%%....#.o..#LX.o.#
..........##..M..#..D..#
..# .%%..#. .S##o ..
...###...L#.


You could see 3 accurseds, a tentacled monstrosity, 3 tyrants, 2 eight-headed
meat hydras, 3 destroyers, 3 observers, a scourge, 2 large bags of meat, 9 large
abominations, 2 wretched souls, a meat berserker (berserk) and 13 bags of meat.

Vanquished Creatures
  6 hell beasts (D)
  2 greater mummies (D)
  A great orb of eyes (D)
  2 wraiths (D)
  Harold (D)
  15 vampire knights (D)
  36 ogres (D)
  7 two-headed ogres (D)
  5 liches (D)
  A hydra (D)
  53 orcs (D)
  4 phantoms (D)
  7 skeletal warriors (D)
  A large abomination (D)
  10 small abominations (D)
  5 crawling corpses (D)
156 creatures vanquished.

Vanquished Creatures (collateral kills)
  An orc (D)
1 creature vanquished.

Vanquished Creatures (others)
  2 orcs (D)
  4 crawling corpses (D)
6 creatures vanquished.

Grand Total: 163 creatures vanquished

Notes
Turn   | Place    | Note
-------+----------+-------------------------------------------
     0 | D        | Found the +∞ Axe of Woe
     0 | D        | Hercules1031 the Formicid Fighter began the quest for the
                  | Orb.
     0 | D        | Reached XP level 1. HP: 18/18 MP: 1/1
     2 | D        | Noticed a bag of meat
     2 | D        | Noticed a bag of meat
     4 | D        | Became a worshipper of Makhleb the Destroyer
     4 | D        | Noticed a bag of meat
     6 | D        | Noticed a bag of meat
     7 | D        | Killed a bag of meat
     7 | D        | Reached XP level 2. HP: 47/47 MP: 2/2
     7 | D        | Reached XP level 3. HP: 53/53 MP: 3/3
     7 | D        | Reached XP level 4. HP: 61/61 MP: 4/4
     7 | D        | Reached XP level 5. HP: 67/67 MP: 5/5
     7 | D        | Reached XP level 6. HP: 74/74 MP: 6/6
     7 | D        | Reached XP level 7. HP: 80/80 MP: 7/7
     7 | D        | Reached XP level 8. HP: 88/88 MP: 8/8
     7 | D        | Reached XP level 9. HP: 94/94 MP: 9/9
     7 | D        | Reached XP level 10. HP: 101/101 MP: 10/10
     7 | D        | Reached XP level 11. HP: 107/107 MP: 11/11
     7 | D        | Reached XP level 12. HP: 115/115 MP: 12/12
     7 | D        | Noticed a bag of meat
     9 | D        | Killed a bag of meat
     9 | D        | Reached * piety under Makhleb
     9 | D        | Reached XP level 13. HP: 126/126 MP: 13/13
     9 | D        | Noticed a bag of meat
     9 | D        | Noticed a meat berserker
    10 | D        | Noticed a bag of meat
    10 | D        | Noticed a bag of meat
    10 | D        | Noticed a bag of meat
    10 | D        | Noticed a bag of meat
    10 | D        | Noticed a bag of meat
    11 | D        | Noticed a bag of meat
    11 | D        | Noticed a bag of meat
    11 | D        | Noticed a bag of meat
    11 | D        | Noticed a bag of meat
    11 | D        | Noticed a bag of meat
    11 | D        | Noticed a bag of meat
    12 | D        | Killed a bag of meat
    12 | D        | Reached skill level 10 in Dodging
    12 | D        | Reached XP level 14. HP: 100/136 MP: 14/14
    12 | D        | Noticed a meat berserker
    12 | D        | Noticed a meat berserker
    12 | D        | Noticed a bag of meat
    13 | D        | Killed a meat berserker
    13 | D        | Reached XP level 15. HP: 110/149 MP: 15/15
    14 | D        | Reached ** piety under Makhleb
    14 | D        | Reached XP level 16. HP: 118/159 MP: 16/16
    14 | D        | Reached skill level 15 in Axes
    14 | D        | Reached skill level 15 in Dodging
    14 | D        | Noticed a meat berserker
    15 | D        | Reached *** piety under Makhleb
    15 | D        | Reached XP level 17. HP: 170/171 MP: 17/17
    15 | D        | Reached skill level 27 in Fighting
    15 | D        | Reached skill level 27 in Shields
    15 | D        | Reached XP level 18. HP: 182/182 MP: 18/18
    15 | D        | Noticed a destroyer
    16 | D        | Reached **** piety under Makhleb
    16 | D        | Reached skill level 27 in Armour
    17 | D        | Killed a meat berserker
    17 | D        | Reached XP level 19. HP: 189/189 MP: 19/19
    17 | D        | Killed a meat berserker
    17 | D        | Reached skill level 27 in Axes
    17 | D        | Killed a meat berserker
    17 | D        | Reached ***** piety under Makhleb
    17 | D        | Reached skill level 10 in Throwing
    17 | D        | Reached skill level 27 in Dodging
    17 | D        | Reached skill level 10 in Invocations
    17 | D        | Reached XP level 20. HP: 197/197 MP: 19/33
    17 | D        | Noticed a destroyer
    18 | D        | Reached XP level 21. HP: 204/204 MP: 19/39
    18 | D        | Noticed a meat berserker
    19 | D        | Reached skill level 15 in Throwing
    19 | D        | Reached skill level 15 in Unarmed Combat
    19 | D        | Reached skill level 15 in Spellcasting
    19 | D        | Noticed a meat berserker
    20 | D        | Noticed a large bag of meat
    21 | D        | Noticed a destroyer
    21 | D        | Noticed a meat berserker
    22 | D        | Reached skill level 27 in Invocations
    22 | D        | Killed a destroyer
    22 | D        | Reached XP level 22. HP: 212/212 MP: 20/45
    22 | D        | Noticed a destroyer
    22 | D        | Noticed a meat berserker
    23 | D        | Noticed a large bag of meat
    23 | D        | Noticed a meat berserker
    23 | D        | Noticed a destroyer
    24 | D        | Killed a large bag of meat
    24 | D        | Reached skill level 27 in Stealth
    24 | D        | Reached XP level 23. HP: 219/219 MP: 20/49
    24 | D        | Reached ****** piety under Makhleb
    26 | D        | Reached skill level 27 in Throwing
    26 | D        | Reached skill level 27 in Unarmed Combat
    26 | D        | Reached skill level 27 in Spellcasting
    26 | D        | Reached XP level 24. HP: 227/227 MP: 20/54
    28 | D        | Killed a destroyer
    28 | D        | Reached XP level 25. HP: 234/234 MP: 21/54
    29 | D        | Noticed The Servant
    32 | D        | Noticed a destroyer
    32 | D        | Noticed a destroyer
    33 | D        | Killed a destroyer
    33 | D        | Reached XP level 26. HP: 242/242 MP: 22/54
    35 | D        | Killed a large bag of meat
    36 | D        | HP: 5/242 [destroyer/+9 great sword of slicing (17)]
    36 | D        | HP: 1/242 [destroyer/+9 great sword of slicing (4)]
    37 | D        | Killed a destroyer
    37 | D        | Reached XP level 27. HP: 116/249 MP: 23/54
    37 | D        | Killed a destroyer
    37 | D        | Killed a destroyer
    38 | D        | Killed a destroyer
    44 | D        | Noticed a tyrant
    44 | D        | Noticed a destroyer
    46 | D        | Killed a tyrant
    47 | D        | Noticed an accursed
    47 | D        | Noticed a destroyer
    47 | D        | HP: 4/249 [The Servant/+9 glaive of flaming (65)]
    48 | D        | Killed The Servant
    49 | D        | Killed a destroyer
    49 | D        | Noticed a destroyer
    50 | D        | Killed a destroyer
    54 | D        | Killed an accursed
    54 | D        | Killed a destroyer
    57 | D        | Noticed a large bag of meat
    57 | D        | Noticed an accursed
    58 | D        | Noticed a meat beast
    59 | D        | Noticed a dread
    59 | D        | Noticed a meat beast
    59 | D        | Noticed a destroyer
    60 | D        | Killed a meat beast
    61 | D        | Killed a meat beast
    62 | D        | Noticed a large bag of meat
    63 | D        | Noticed a tyrant
    65 | D        | Killed a destroyer
    65 | D        | Killed a large bag of meat
    66 | D        | Noticed a tyrant
    67 | D        | Noticed a destroyer
    70 | D        | Noticed a large bag of meat
    71 | D        | Killed a large bag of meat
    72 | D        | Noticed a large bag of meat
    74 | D        | Killed a tyrant
    74 | D        | Killed a dread
    74 | D        | Noticed a tyrant
    75 | D        | Killed a destroyer
    76 | D        | Killed a tyrant
    77 | D        | Noticed a destroyer
    78 | D        | Killed a large bag of meat
    78 | D        | Noticed a meat beast
    80 | D        | Noticed an accursed
    83 | D        | Killed a destroyer
    83 | D        | Killed a large bag of meat
    83 | D        | Noticed a dread
    84 | D        | Killed a meat beast
    86 | D        | Noticed a destroyer
    88 | D        | Killed an accursed
    89 | D        | Killed a tyrant
    89 | D        | Noticed an accursed
    89 | D        | Noticed a tyrant
    90 | D        | Killed a destroyer
    90 | D        | Noticed a meat beast
    91 | D        | Noticed a large bag of meat
    92 | D        | Noticed a destroyer
    92 | D        | Noticed a tyrant
    92 | D        | Noticed a large bag of meat
    92 | D        | Noticed an accursed
    93 | D        | Noticed a meat beast
    94 | D        | Noticed a destroyer
    95 | D        | Noticed an accursed
    95 | D        | Killed a meat beast
    96 | D        | Noticed a meat beast
    97 | D        | Noticed a tyrant
    98 | D        | Killed a meat beast
    98 | D        | Noticed an accursed
    99 | D        | Noticed a large bag of meat
    99 | D        | Noticed a large bag of meat
   100 | D        | Noticed a tyrant
   100 | D        | Killed a large bag of meat
   100 | D        | Killed a tyrant
   100 | D        | Noticed a destroyer
   101 | D        | Killed a destroyer
   101 | D        | Killed a dread
   101 | D        | Noticed a tyrant
   102 | D        | Noticed a dread
   103 | D        | Killed a meat beast
   104 | D        | Noticed a destroyer
   104 | D        | HP: 7/247 [eight-headed meat hydra (9)]
   104 | D        | Killed from afar by a tyrant

Levels and vault maps discovered:
D:        meatsprint

Skill      XL: |  1  2  3  4  5  6  7  8  9 10 11 12 13 14 15 16 17 18 19 20 21 22 23 |
---------------+----------------------------------------------------------------------+-----
Fighting       | 17 19 20 23 26 27 | 27.0
Axes           | 9 11 12 14 17 19 25 27 | 27.0
Armour         | 17 19 20 22 23 25 26 27 | 27.0
Shields        | 18 20 21 23 24 26 27 | 27.0
Dodging        | 7 10 13 14 16 18 24 27 | 27.0
Throwing       | 10 14 19 22 27 | 27.0
Stealth        | 11 17 24 27 | 27.0
Unarmed Combat | 9 14 19 22 27 | 27.0
Spellcasting   | 9 14 19 22 27 | 27.0
Invocations    | 10 16 27 | 27.0

Action                   |  1- 3 |  4- 6 |  7- 9 | 10-12 | 13-15 | 16-18 | 19-21 | 22-24 | 25-27 || total
-------------------------+-------+-------+-------+-------+-------+-------+-------+-------+-------++-------
Melee: Executioner's axe |     1 |       |       |     1 |     3 |     3 |     4 |     5 |    52 ||    69
Invok: Greater Servant o |       |       |       |       |       |       |     1 |       |     2 ||     3
  Use: Potion            |       |       |       |       |       |       |       |       |     1 ||     1
 Stab: Distracted        |       |       |       |       |       |       |       |     1 |       ||     1
Armor: Scale mail        |       |       |       |       |       |       |       |       |     7 ||     7
Dodge: Dodged            |       |       |       |       |       |     1 |       |       |    15 ||    16
Block: Shield            |       |       |       |       |     1 |     1 |       |       |    17 ||    19

Table legend:
 A = Non-vault XP
 B = Vault XP
 C = Vault XP percentage of total XP
 D = Non-vault monster count
 E = Vault monster count
 F = Vault count percentage of total count
                 A         B        C        D         E       F
            +---------+---------+-------+---------+---------+-------
      Total | 3380361 | 1297699 |  27.7 |      89 |      63 |  41.4
            +---------+---------+-------+---------+---------+-------
          D | 3380361 | 1297699 |  27.7 |      89 |      63 |  41.4
            +---------+---------+-------+---------+---------+-------
